 Dungeon Crawl Stone Soup version 0.27-a0-604-g29a88b33a7 (webtiles) character file.

Game seed: 16598425562823683192

273 sanka the Grave Robber (level 6, -3/41 HPs)
             Began as a Vampire Necromancer on Mar 12, 2021.
             Slain by a bullfrog (5 damage)
             ... in a sewer.
             The game lasted 00:05:43 (3427 turns).

sanka the Grave Robber (Vampire Necromancer)        Turns: 3427, Time: 00:05:43

Health: -3/41      AC:  2    Str:  7    XL:     6   Next: 2%
Magic:  0/10       EV: 13    Int: 23    God:
Gold:   149        SH:  0    Dex: 17    Spells: 6/11 levels left

rFire    . . .     SeeInvis +   l - +0 flail
rCold    . . .     Faith    .   (no shield)
rNeg     . . .     Spirit   +   a - +0 robe
rPois    .         Reflect  .   (no helmet)
rElec    .         Harm     .   (no cloak)
rCorr    .         Rampage  .   (no gloves)
Will     .....                  (no boots)
Stlth    ++........             f - amulet of guardian spirit
HPRegen  0.33/turn              d - +6 ring of intelligence
MPRegen  0.12/turn              (no ring)

@: regenerating quickly
A: fangs 3, see invisible, unbreathing 1, vampiric 2
a: Exsanguinate


You were in a sewer.
You visited 1 branch of the dungeon, and saw 4 of its levels.
You also visited: Sewer.

You collected 149 gold pieces.


Innate Abilities, Weirdness & Mutations

Your natural rate of healing is unusually fast.
You have razor-sharp teeth.
You have supernaturally acute eyesight. (SInv)
You can survive without breathing.
You are afflicted with vampirism and can become a bat while bloodless.


   Skills:
 + Level 3.5 Dodging
 - Level 3.0 Stealth
 - Level 3.0 Spellcasting
 - Level 7.0 Necromancy


You had 6 spell levels left.
You knew the following spells:

 Your Spells              Type           Power      Damage    Failure   Level
x - Vampiric Draining     Necr           17%        2d8       1%          3
z - Pain                  Necr           100%       1d9       1%          1
Z - Animate Skeleton      Necr           70%        N/A       1%          1

Your spell library contained the following spells:

 Spells                   Type           Power      Damage    Failure   Level
 Animate Dead             Necr           17%        N/A       6%          4
 Agony                    Necr           35%        N/A       19%         5

Inventory:

Hand Weapons
 l - a +0 flail (weapon)
Armour
 a - a +0 robe (worn)
Jewellery
 d - a +6 ring of intelligence (right hand)
 f - an amulet of guardian spirit (around neck)
Scrolls
 b - a scroll of immolation {unknown}
 i - a scroll of magic mapping
 k - a scroll of fear
Potions
 c - 2 potions of lignification {unknown}
 g - a potion of magic {unknown}
 h - 3 potions of haste {@q3}

Dungeon Overview and Level Annotations

Branches:
Dungeon (6/15)              Sewer (1/1)
 Temple: D:4-7

Altars:

▒▒▒▒▒▒▒▒▒▒▒▒▒
▒▒▒▒▒.≈≈†≈.≈≈≈≈≈▒
▒▒▒.∩..≈≈≈≈≈≈≈≈≈..▒
▒≈.†.≈▒▒▒▒▒▒▒▒▒≈≈≈▒
∩≈≈▒▒▒▒≈†.≈≈≈...≈≈▒▒▒▒
▒▒▒▒≈≈≈≈▒▒▒▒▒≈≈..≈▒..▒▒
▒≈≈≈≈≈≈≈▒≈∩≈▒▒▒▒▒▒▒≈≈≈▒▒▒▒
≈≈≈≈≈▒▒▒▒≈≈≈≈.≈ZV▒≈†.≈≈≈≈▒▒
≈≈≈▒▒▒≈..≈†≈≈..FB▒▒≈†▒.≈≈≈▒▒
≈≈▒▒≈≈.≈.▒▒▒▒▒▒▒lJ▒..▒▒≈≈.≈▒
≈▒▒≈.≈≈▒▒▒ ▒JB▒▒≈≈▒▒≈≈≈▒▒
≈▒..≈≈▒▒ ≈.≈≈▒≈≈≈▒≈≈†≈▒
▒▒≈.≈▒▒ .≈≈≈▒≈.≈▒▒≈.≈▒▒
▒≈≈≈≈▒ (≈≈.≈▒≈≈≈≈▒≈≈≈.▒
▒≈≈≈≈▒ ....≈▒≈≈.≈▒≈≈.∩▒
▒.≈≈.▒ £l.≈≈≈▒.≈.≈▒≈≈≈.▒


You could see a bullfrog, 2 oozes, 2 giant cockroaches, a frilled lizard and a
friendly frilled lizard skeleton.


Message History

The bullfrog hits you.
* * * LOW HITPOINT WARNING * * *
The giant cockroach bites you but does no damage.
Your frilled lizard skeleton closely misses the giant cockroach.
You barely miss the bullfrog.
The bullfrog is moderately wounded.
The bullfrog hits you.
* * * LOW HITPOINT WARNING * * *
The giant cockroach closely misses you. The bullfrog hits you.
* * * LOW HITPOINT WARNING * * *
Your frilled lizard skeleton bites the giant cockroach but does no damage.
The giant cockroach completely misses you.
You hit the bullfrog but do no damage.
The bullfrog is moderately wounded.
The bullfrog misses you. The bullfrog hits you.
* * * LOW HITPOINT WARNING * * *
The giant cockroach closely misses you.
Your frilled lizard skeleton barely misses the giant cockroach.
Unknown command.
You hit the bullfrog.
The bullfrog is heavily wounded.
The bullfrog barely misses you.
The giant cockroach bites you but does no damage.
The bullfrog closely misses you.
Your frilled lizard skeleton bites the giant cockroach but does no damage.
The giant cockroach closely misses you. The bullfrog hits you.
You die...

Action                   |  1- 3 |  4- 6 || total
-------------------------+-------+-------++-------
Melee: Unarmed           |     2 |       ||     2
       Flail             |       |    69 ||    69
       Bite              |       |     7 ||     7
 Cast: Pain              |    77 |    82 ||   159
       Vampiric Draining |       |     2 ||     2
       Animate Skeleton  |       |     5 ||     5
  Use: Scroll            |       |     4 ||     4
 Stab: Sleeping          |       |     2 ||     2
       Distracted        |       |     1 ||     1
Armor: Robe              |     2 |    17 ||    19
Dodge: Dodged            |     5 |   109 ||   114

Levels and vault maps discovered:
D:1:      dpeg_arrival_ternary, layout_basic
D:2:      layout_loops_ring
D:3:      layout_rooms
D:6:      layout_layer_cave, gammafunk_temple_overflow_forgotten,
          cheibrodos_sewer_entry_sluice, minmay_statues_item,
          chequers_serial_rivers_small_a
Sewer:    sewer_frog_island_02

Notes
Turn   | Place    | Note
-------+----------+-------------------------------------------
     0 | D:1      | sanka the Vampire Necromancer began the quest for the Orb.
     0 | D:1      | Reached XP level 1. HP: 13/13 MP: 3/3
   264 | D:1      | Reached XP level 2. HP: 18/19 MP: 3/5
   266 | D:1      | Learned a level 1 spell: Animate Skeleton
   875 | D:1      | Reached skill level 5 in Necromancy
   888 | D:1      | Gained mutation: You are afflicted with vampirism and can
                  | become a bat while bloodless. [Vampire growth]
   888 | D:1      | Reached XP level 3. HP: 24/24 MP: 5/7
   911 | D:1      | Learned a level 3 spell: Vampiric Draining
  1583 | D:2      | Reached skill level 3 in Spellcasting
  1814 | D:2      | Reached XP level 4. HP: 28/30 MP: 5/8
  2539 | D:6      | Found a glowing drain.
  2599 | Sewer    | Entered a sewer
  2605 | Sewer    | Reached skill level 6 in Necromancy
  2765 | Sewer    | Reached XP level 5. HP: 29/35 MP: 5/9
  3251 | Sewer    | Reached skill level 7 in Necromancy
  3257 | Sewer    | HP: 2/35 [leopard gecko (3)]
  3418 | Sewer    | Reached skill level 3 in Dodging
  3418 | Sewer    | Reached XP level 6. HP: 20/41 MP: 0/10
  3426 | Sewer    | HP: 1/41 [bullfrog (5)]
  3427 | Sewer    | Slain by a bullfrog

Vanquished Creatures
  A bullfrog (Sewer)
  5 adders
  A river rat (D:6)
  6 oozes (Sewer)
  2 worms (D:2)
  2 dart slugs
  16 leopard geckos
  5 bats
  13 giant cockroaches
  3 goblins
  10 hobgoblins
  7 jackals (D:2)
  A quokka (D:2)
  15 ball pythons
  12 frilled lizards
  6 kobolds
  7 rats
112 creatures vanquished.

Vanquished Creatures (collateral kills)
  2 frilled lizards (Sewer)
2 creatures vanquished.

Grand Total: 114 creatures vanquished
